 Dungeon Crawl Stone Soup version 0.29.1-12-g30fa7ad0bf (webtiles) character file.

Game seed: 10053367964808077455

143 FaviusArthum the Conjurer (level 5, -1/28 HPs)
             Began as a Deep Elf Conjurer on Jan 13, 2023.
             Killed from afar by Natasha (8 damage)
             ... with a magic dart
             ... on level 4 of the Dungeon.
             The game lasted 00:14:06 (5904 turns).

FaviusArthum the Conjurer (Deep Elf Conjurer)       Turns: 5904, Time: 00:14:07

Health: -1/28      AC:  2    Str:  4    XL:     5   Next: 4%
Magic:  10/14      EV: 12    Int: 25    God:
Gold:   139        SH:  0    Dex: 13    Spells: 7/14 levels left

rFire   . . .      SeeInvis .   f - +0 dagger
rCold   . . .      Faith    .   (no shield)
rNeg    . . .      Spirit   .   a - +0 robe
rPois   .          Reflect  .   (no helmet)
rElec   .          Harm     .   (no cloak)
rCorr   .          Rampage  .   (no gloves)
Will    .....                   (no boots)
Stlth   ++........              (no amulet)
HPRegen 0.09/turn               (no ring)
MPRegen 0.14/turn               (no ring)

@: no status effects
A: no striking features
a: no special abilities


You were on level 4 of the Dungeon.
You visited 2 branches of the dungeon, and saw 5 of its levels.

You collected 139 gold pieces.

Inventory:

Hand Weapons
 d - a +0 short sword
 f - a +0 dagger (weapon)
Missiles
 h - 5 curare-tipped darts
Armour
 a - a +0 robe (worn)
Magical Staves
 m - a staff of fire
Scrolls
 i - 4 scrolls of identify {unknown}
 j - 2 scrolls of teleportation {unknown}
 k - a scroll of summoning {unknown}
 l - 4 scrolls of blinking {unknown}
 p - a scroll of enchant armour {unknown}
Potions
 b - a potion of magic
 c - 5 potions of curing {unknown}
 e - 2 potions of degeneration {unknown}
 g - a potion of lignification {unknown}
 n - a potion of brilliance {unknown}
 o - a potion of haste {unknown}


   Skills:
 + Level 2.5 Dodging
 + Level 3.2 Stealth
 + Level 5.0 Spellcasting
 + Level 5.7 Conjurations


You had 7 spell levels left.
You knew the following spells:

 Your Spells              Type           Power      Damage    Failure   Level
a - Magic Dart            Conj           100%       1d8       1%          1
b - Searing Ray           Conj           70%        2d7       1%          2
c - Fulminant Prism       Conj/Hex       10%        3d9       26%         4

Your spell library contained the following spells:

 Spells                   Type           Power      Damage    Failure   Level
 Dazzling Flash           Conj/Hex       40%        N/A       8%          3
 Iskenderun's Mystic Bla  Conj/Tloc      20%        2d6       26%         4


Dungeon Overview and Level Annotations

Branches:
Dungeon (4/15)             Temple (1/1) D:4

Altars:
Ashenzari
Cheibriados
Dithmenos
Fedhas
Hepliaklqana
Makhleb
Nemelex Xobeh
Okawaru
Yredelemnul

Shops:
D:3 =!

Annotations:
D:2 Terence
D:4 Natasha


Message History

Casting: Magic Dart (safe; 1% risk of failure)
Confirm with . or Enter, or press ? or * to list all spells.
Aiming: Magic Dart (safe; 1% risk of failure)
Press: ? - help, Shift-Dir - straight line, f/p - orc
Aim: an orc, wielding a +0 short sword and wearing a +0 scale mail (heavily wounded, 100% to hit)
The magic dart hits the orc.
You kill the orc!
You start resting.
You hear the rapid rusting of a very distant drain.
You start resting.
Natasha, Servant of Life and Death comes into view.
She is carrying a wand of quicksilver (5).
Natasha moves out of view.
You start resting.
Natasha is nearby!
Natasha is nearby!
Casting: Magic Dart (safe; 1% risk of failure)
Confirm with . or Enter, or press ? or * to list all spells.
Aiming: Magic Dart (safe; 1% risk of failure)
Press: ? - help, Shift-Dir - straight line, f - Natasha
Aim: Natasha, carrying a wand of quicksilver (5) (wandering, hasn't noticed you, 100% to hit)
The magic dart hits Natasha.
Natasha is moderately wounded.
Natasha hisses angrily.
Natasha stares at you and mumbles some strange words.
You feel yourself slow down.
Natasha zaps a wand.
The bolt of dispelling energy hits you!
Your magical effects are unravelling.
Natasha casts a spell at you. You resist with some effort.
You feel yourself speed up.
An iguana comes into view.
The iguana moves out of view.
Found a runed helmet.
Natasha zaps a wand.
The bolt of dispelling energy hits you!
Ouch! That really hurt!
* * * LOW HITPOINT WARNING * * *
Natasha growls.
Natasha casts a spell at you. The magic dart hits you!
You die...

# ### ###... .. .....# ..[. ...
....## #... ##....
.......#####..... .#....
.......##.......# ....#
..##.#.##......###...###.
.##.##..#......##..#..........
.#..............@........ .....
.#...................#..###...
##..##............#.##...#..h.
##...................#.#....####
.....#...#.............##..)#..#
.#..##..##.............##......#
##..#####...........h.##.......##
##### ##...|.........#.........#
#............#...###....##


You could see Natasha.

Vanquished Creatures
  3 gnolls (D:2)
  2 adders (D:3)
  An ufetubus (D:4)
  4 dart slugs
  3 orcs
  6 bats
  5 endoplasms
  5 giant cockroaches
  10 goblins
  5 hobgoblins
  6 jackals
  2 quokkas
  7 ball pythons
  4 frilled lizards
  9 kobolds
  2 rats
74 creatures vanquished.

Notes
Turn   | Place    | Note
-------+----------+-------------------------------------------
     0 | D:1      | FaviusArthum the Deep Elf Conjurer began the quest for the
                  | Orb.
     0 | D:1      | Reached XP level 1. HP: 10/10 MP: 6/6
   468 | D:1      | Reached XP level 2. HP: 15/15 MP: 5/8
   471 | D:1      | Learned a level 2 spell: Searing Ray
   714 | D:1      | Reached skill level 5 in Conjurations
  1080 | D:1      | Found a faded altar of an unknown god.
  1396 | D:1      | Reached XP level 3. HP: 19/19 MP: 7/9
  3192 | D:2      | Reached XP level 4. HP: 24/24 MP: 7/12
  3197 | D:2      | Learned a level 4 spell: Fulminant Prism
  3627 | D:2      | Noticed Terence
  4462 | D:3      | Found Duuxeihu's Distillery.
  4898 | D:3      | Found Tup Lure's Jewellery Boutique.
  5435 | D:4      | Found a staircase to the Ecumenical Temple.
  5446 | Temple   | Entered the Ecumenical Temple
  5722 | D:4      | Reached skill level 5 in Spellcasting
  5802 | D:4      | Reached XP level 5. HP: 28/28 MP: 10/14
  5845 | D:4      | Found a sparkling altar of Nemelex Xobeh.
  5893 | D:4      | Noticed Natasha
  5904 | D:4      | Killed from afar by Natasha

Illustrated notes

Levels and vault maps discovered:
D:1:      minmay_arrival_four_houses, layout_loops_ring,
          hellmonk_ecumenical_altar_blasted
D:2:      layout_basic, uniq_terence
D:3:      layout_basic, serial_shops, nicolae_shop_trees, shop
D:4:      layout_cave_pools, nemelex_dance_club_becter, temple_statues,
          portal_sewer_entry_b, uniq_ijyb, uniq_natasha
Temple:   nicolae_temple_superstar

Skill      XL: |  1  2  3  4 |
---------------+-------------+-----
Conjurations   | 5 |  5.7
Spellcasting   | 4 5 |  5.0
Stealth        | 3 |  3.2
Dodging        | |  2.5

Action                   |  1- 3 |  4- 6 || total
-------------------------+-------+-------++-------
Melee: Dagger            |     1 |       ||     1
 Cast: Magic Dart        |    68 |    52 ||   120
       Searing Ray       |     8 |    16 ||    24
Armor: Robe              |     1 |       ||     1
Dodge: Dodged            |     2 |     4 ||     6
